 Dungeon Crawl Stone Soup version 0.30.0-10-gfe55d96785 (webtiles) character file.

Game seed: 14013535555862900560

93 AlmostDecent the Shooter (level 4, 0/28 HPs)
             Began as a Gargoyle Hunter on May 13, 2023.
             Slain by an orc priest
             ... wielding a +5 whip of freezing
              (2 damage)
             ... on level 3 of the Dungeon.
             The game lasted 00:04:07 (1451 turns).

AlmostDecent the Shooter (Gargoyle Hunter)          Turns: 1451, Time: 00:04:07

Health: 0/28       AC:  7    Str: 14    XL:     4   Next: 62%
Magic:  4/4        EV: 11    Int: 10    God:
Gold:   87         SH:  0    Dex: 15    Spells: 3/3 levels left

rFire   . . .        a - +0 shortbow
rCold   . . .        (shield currently unavailable)
rNeg    + . .        c - +0 leather armour
rPois   ∞            (no helmet)
rElec   +            (no cloak)
rCorr   .            (no gloves)
SInv    .            d - +0 pair of boots
Will    .....        (no amulet)
Stlth   ++           (no ring)
HPRegen 0.24/turn    (no ring)
MPRegen 0.09/turn

%: no passive effects
@: flying
A: sickness immunity, AC +3, negative energy resistance 1, electricity
resistance, torment resistance 1, petrification resistance
a: no special abilities


You were on level 3 of the Dungeon.
You visited 1 branch of the dungeon, and saw 3 of its levels.

You collected 87 gold pieces.

Inventory:

Hand Weapons
 a - a +0 shortbow (weapon)
Armour
 c - a +0 leather armour (worn)
 d - a +0 pair of boots (worn)
Jewellery
 m - an amulet of guardian spirit
Scrolls
 b - a scroll of immolation
 e - a scroll of magic mapping {unknown}
 h - a scroll of torment {unknown}
 k - 2 scrolls of identify {unknown}
 n - a scroll of noise {unknown}
 p - a scroll of poison {unknown}
Potions
 f - a potion of flight
 g - 3 potions of heal wounds {unknown}
 i - a potion of degeneration {unknown}
 j - 2 potions of mutation {unknown}
 l - a potion of curing {unknown}
 o - a potion of magic {unknown}


   Skills:
 + Level 3.0 Fighting
 + Level 5.4 Ranged Weapons
 + Level 1.7 Dodging
 + Level 1.2 Stealth


You had 3 spell levels left.
You didn't know any spells.
Your spell library was empty.

Dungeon Overview and Level Annotations

Branches:
Dungeon (3/15)

Altars:


Innate Abilities, Weirdness & Mutations

You are immune to sickness and miasma.
Your stone body is resilient. (AC +3)
You are immune to poison.
You resist negative energy. (rN+)
You are resistant to electric shocks. (rElec)
You are resistant to unholy torment.
You are immune to petrification.


Message History

You shoot an arrow. The arrow hits the orc.
The orc is heavily wounded.
The orc misses you. The orc hits you with a +0 dagger. The orc misses you.
You shoot an arrow. The arrow closely misses the orc.
The orc closely misses you.
You shoot an arrow.
The arrow hits the orc but does no damage.
The orc is heavily wounded.
The orc hits you but does no damage. x2
You shoot an arrow. The arrow barely misses the orc.
The orc hits you with a +0 dagger.
The orc priest calls down the wrath of Beogh upon you.
You are unaffected.
The orc hits you but does no damage.
You shoot an arrow. The arrow hits the orc.
The orc is severely wounded.
The orc priest misses you. The orc completely misses you.
The orc hits you but does no damage. The orc completely misses you.
The orc misses you. The orc priest misses you.
You shoot an arrow. The arrow hits the orc!
You kill the orc!
The orc hits you with a +0 dagger.
The orc priest hits you with a +5 whip of freezing.
The orc priest freezes you.
Your Fighting skill increases to level 3!
You shoot an arrow. The arrow hits the orc priest!
The orc priest is severely wounded.
The orc barely misses you.
The orc priest invokes the aid of Beogh against you.
Beogh smites you!
Ouch! That really hurt!
* * * LOW HITPOINT WARNING * * *
You are too injured to fight recklessly!
You are too injured to fight recklessly!
You are too injured to fight recklessly!
Okay, then.
It was a potion of flight.
You feel very buoyant.
You fly up into the air.
The orc hits you but does no damage.
The orc priest hits you with a +5 whip of freezing.
You die...

######.###
#.# #.# #.#
...#####.#
#.......##
######...##
#.....#
##.@)##
##oo......
#.#######
#?# #+#


You could see an orc priest and an orc.

Vanquished Creatures
  4 adders
  A worm (D:2)
  2 orcs (D:3)
  4 endoplasms
  8 giant cockroaches
  4 goblins
  A hobgoblin (D:1)
  2 quokkas
  5 ball pythons
  4 bats
  7 frilled lizards
  4 kobolds
  5 rats
51 creatures vanquished.

Notes
Turn   | Place    | Note
-------+----------+-------------------------------------------
     0 | D:1      | AlmostDecent the Gargoyle Hunter began the quest for the
                  | Orb.
     0 | D:1      | Reached XP level 1. HP: 12/12 MP: 1/1
   153 | D:1      | Reached XP level 2. HP: 17/17 MP: 2/2
   920 | D:2      | Reached XP level 3. HP: 21/21 MP: 3/3
   953 | D:2      | Reached skill level 5 in Ranged Weapons
  1123 | D:2      | Reached XP level 4. HP: 27/27 MP: 4/4
  1451 | D:3      | Slain by an orc priest

Illustrated notes

Levels and vault maps discovered:
D:1:      kilobyte_arrival_exit_the_forest, layout_basic
D:2:      layout_rooms, st_stairs_2, minmay_worlds_worst_comb
D:3:      layout_loops_corners, nicolae_overflow_hidden_temple,
          dreamdust_princess_corridor

Skill      XL: |  1  2  3  4 |
---------------+-------------+-----
Ranged Weapons | 5 |  5.4
Fighting       | 3 |  3.0
Dodging        | |  1.7
Stealth        | |  1.2

Action                     |  1- 3 |  4- 6 || total
---------------------------+-------+-------++-------
   Fire: Shortbow          |    93 |    52 ||   145
    Use: Potion            |       |     1 ||     1
 Armour: Leather armour    |    19 |     6 ||    25
  Dodge: Dodged            |    34 |    15 ||    49
